 Dungeon Crawl Stone Soup version 0.30.1-9-gdf580d7c3d (webtiles) character file.

Game seed: 120544250072110558

83 lonewolfV2 the Covered (level 4, -3/35 HPs)
             Began as a Demonspawn Fighter on Oct 26, 2023.
             Was an Initiate of Dithmenos.
             Slain by a gnoll
             ... wielding a +0 whip
              (4 damage)
             ... on level 3 of the Dungeon.
             The game lasted 00:03:49 (1837 turns).

lonewolfV2 the Covered (Demonspawn Fighter)         Turns: 1837, Time: 00:03:49

Health: -3/35      AC:  8    Str: 18    XL:     4   Next: 22%
Magic:  5/5        EV: 10    Int: 10    God:    Dithmenos [......]
Gold:   184        SH:  4    Dex: 12    Spells: 3/3 levels left

rFire   . . .        a - +0 war axe
rCold   . . .        c - +0 buckler
rNeg    . . .        b - +0 scale mail
rPois   .            e - +2 hat
rElec   .            (no cloak)
rCorr   .            (no gloves)
SInv    .            (no boots)
Will    .....        (no amulet) Stlth
                     (no ring)
HPRegen 0.25/turn    (no ring)
MPRegen 0.18/turn

%: no passive effects
@: no status effects
A: antennae 1, magic regeneration, sturdy frame 1
a: Renounce Religion


You were on level 3 of the Dungeon.
You worshipped Dithmenos.
Dithmenos was noncommittal.
You visited 1 branch of the dungeon, and saw 3 of its levels.

You collected 184 gold pieces.

Inventory:

Hand Weapons
 a - a +0 war axe (weapon)
Armour
 b - a +0 scale mail (worn)
 c - a +0 buckler (worn)
 e - a +2 hat (worn)
Jewellery
 g - a ring of ice
Scrolls
 j - 2 scrolls of identify
 k - a scroll of fear {unknown}
Potions
 d - a potion of might
 f - a potion of degeneration {unknown}
 h - 3 potions of curing
 i - a potion of heal wounds {unknown}
 l - a potion of mutation {unknown}
 m - a potion of brilliance {unknown}


   Skills:
 - Level 3.0 Fighting
 - Level 1.7 Axes
 + Level 3.3 Armour
 * Level 2.6 Dodging
 - Level 2.6 Shields
 + Level 1.3 Invocations


You had 3 spell levels left.
You didn't know any spells.
Your spell library contained the following spells:

 Spells                   Type           Power      Damage    Failure   Level
 Freeze                   Ice            0%         1d3       69%         1
 Frozen Ramparts          Ice            0%         1d1       96%         3
 Hailstorm                Conj/Ice       0%         3d3       96%         3


Dungeon Overview and Level Annotations

Branches:
Dungeon (3/15)

Altars:
Dithmenos

Shops:
D:2 [


Innate Abilities, Weirdness & Mutations

You have a pair of small antennae on your head.
You regenerate magic rapidly.
Your movements are slightly less encumbered by armour. (ER -2)


Message History

The gnoll is heavily wounded.
The orc shouts!
The gnoll barely misses you.
The orc hits you from afar with a +0 trident.
You hit the gnoll.
The gnoll is heavily wounded.
The gnoll hits you with a +0 whip.
The orc hits you from afar with a +0 trident.
An orc comes into view. It is wielding a +0 club.
You barely miss the gnoll.
The gnoll is heavily wounded.
The gnoll hits you with a +0 whip. The orc closely misses you.
The gnoll closely misses you. The orc barely misses you.
You slash the gnoll!
You kill the gnoll!
Dithmenos accepts your kill.
The orc hits you from afar with a +0 trident.
Save game and exit?
Welcome back, lonewolfV2 the Demonspawn Fighter.
Dithmenos says: Spread the eternal night.
Press ? for a list of commands and other information.
Save game and exit?
Welcome back, lonewolfV2 the Demonspawn Fighter.
Dithmenos says: Spread the eternal night.
Press ? for a list of commands and other information.
The gnoll hits you but does no damage.
The orc hits you from afar with a +0 trident.
The gnoll closely misses you. The orc hits you but does no damage.
The gnoll hits you with a +0 whip. The orc hits you but does no damage.
The gnoll hits you but does no damage. You block the orc's attack.
The gnoll hits you with a +0 whip. You block the orc's attack.
The gnoll hits you with a +0 whip!
* * * LOW HITPOINT WARNING * * *
The orc hits you from afar with a +0 trident.
* * * LOW HITPOINT WARNING * * *
The gnoll hits you with a +0 whip.
* * * LOW HITPOINT WARNING * * *
You block the orc's attack. The gnoll hits you with a +0 whip.
You die...

...# ##.# ...# ##.# #...#
# ...# #...# .# ...# #...#
###.## ...# #...# ##.....#
...#####...#######......
##..............##o.#.#.##
................@goo......
##..............##o...#.##
##.###.#†..#.#####..#.#
##.# #.#...#.# #g.....
...# #.......# #.......#
#### #.#...#.# #..#.##.#
#.#.....# #..#.# #
#.......# #..... #...>...#
#.#. ##


You could see a gnoll and 4 orcs.

Vanquished Creatures
  3 gnolls (D:3)
  An adder (D:3)
  A worm (D:2)
  2 dart slugs
  5 ball pythons
  2 endoplasms (D:2)
  2 giant cockroaches
  4 goblins
  3 hobgoblins
  3 jackals (D:1)
  2 quokkas
  5 bats
  A frilled lizard (D:1)
  2 kobolds
  3 rats
39 creatures vanquished.

Notes
Turn   | Place    | Note
-------+----------+-------------------------------------------
     0 | D:1      | lonewolfV2 the Demonspawn Fighter began the quest for the
                  | Orb.
     0 | D:1      | Reached XP level 1. HP: 18/18 MP: 1/1
   136 | D:1      | Reached skill level 1 in Dodging
   433 | D:1      | Gained mutation: You regenerate magic rapidly. [demonic
                  | ancestry]
   433 | D:1      | Reached XP level 2. HP: 24/24 MP: 2/2
  1023 | D:2      | Found a shadowy altar of Dithmenos.
  1074 | D:2      | Became a worshipper of Dithmenos the Shadowed
  1154 | D:2      | Gained mutation: You have a pair of small antennae on your
                  | head. [demonic ancestry]
  1154 | D:2      | Reached XP level 3. HP: 29/29 MP: 3/3
  1158 | D:2      | Found Agicw's Armour Boutique.
  1821 | D:3      | Reached skill level 1 in Invocations
  1823 | D:3      | Gained mutation: Your movements are slightly less
                  | encumbered by armour. (ER -2) [demonic ancestry]
  1823 | D:3      | Reached XP level 4. HP: 35/35 MP: 4/4
  1836 | D:3      | HP: 1/35 [gnoll/+0 whip (2)]
  1837 | D:3      | Slain by a gnoll

Illustrated notes

Levels and vault maps discovered:
D:1:      erik_arrival_triangle_large, layout_loops_corners,
          minmay_misc_feat_hallway
D:2:      layout_loops_ring, serial_shops, shop, basic_altar, minivault_24
D:3:      layout_loops_cross, tso_metal_star

Skill      XL: |  1  2  3 |
---------------+----------+-----
Dodging        | 1 2 |  2.6
Armour         | 3 |  3.3
Invocations    | 1 |  1.3
Fighting       | |  3.0
Axes           | |  1.7
Shields        | |  2.6

Action                     |  1- 3 |  4- 6 || total
---------------------------+-------+-------++-------
  Melee: War axe           |   119 |     7 ||   126
    Use: Scroll            |     2 |       ||     2
 Armour: Scale mail        |    51 |     5 ||    56
  Dodge: Dodged            |    67 |     9 ||    76
  Block: Buckler           |    36 |     3 ||    39
